 Dungeon Crawl Stone Soup version 0.30-a0-125-g51eefa89be (webtiles) character file.

Game seed: 7876624876583023314

545 jlumianski the Chopper (level 7, -4/41 HPs)
             Began as a Gargoyle Gladiator on Sept 18, 2022.
             Slain by a wraith (11 damage)
             ... on level 5 of the Dungeon.
             The game lasted 00:14:20 (4236 turns).

jlumianski the Chopper (Gargoyle Gladiator)         Turns: 4236, Time: 00:14:21

Health: -4/41      AC: 15    Str: 26    XL:     7   Next: 27%
Magic:  7/7        EV: 13    Int:  8    God:
Gold:   172        SH:  0    Dex: 11    Spells: 6/6 levels left

rFire   . . .      SeeInvis .    a - +0 war axe
rCold   . . .      Faith    .    (no shield)
rNeg    + . .      Spirit   .    o - +0 chain mail
rPois   ∞          Reflect  .    c - +1 helmet
rElec   +          Harm     .    (no cloak)
rCorr   .          Rampage  .    (no gloves)
Will    .....                    (no boots)
Stlth   ..........               (no amulet)
HPRegen 0.13/turn                i - +4 ring of evasion
MPRegen 0.10/turn                m - +6 ring of strength

@: slowed, very slow
A: sickness immunity, AC +4, negative energy resistance 1, electricity
resistance, torment resistance 1, petrification resistance
a: no special abilities


You were on level 5 of the Dungeon.
You visited 1 branch of the dungeon, and saw 6 of its levels.

You collected 172 gold pieces.

Inventory:

Hand Weapons
 a - a +0 war axe (weapon)
 g - a +0 vampiric whip
 y - a +2 whip of electrocution
Missiles
 d - 5 throwing nets
 e - 3 javelins (quivered)
Armour
 b - a +0 leather armour
 c - a +1 helmet (worn)
 h - a +0 ring mail
 o - a +0 chain mail (worn)
Jewellery
 i - a +4 ring of evasion (left hand)
 m - a +6 ring of strength (right hand)
 r - a ring of fire
 t - a +4 ring of evasion
Wands
 u - a wand of charming (9)
Scrolls
 k - a scroll of immolation
 l - a scroll of amnesia {unknown}
 s - a scroll of poison {unknown}
 w - a scroll of blinking {unknown}
 A - a scroll of magic mapping
 B - a scroll of summoning {unknown}
Potions
 j - 2 potions of curing
 n - a potion of mutation
 p - a potion of invisibility
 q - a potion of attraction
 v - 2 potions of brilliance
 x - a potion of degeneration
 z - a potion of resistance


   Skills:
 + Level 3.5 Fighting
 + Level 6.0 Axes
 + Level 2.1 Throwing
 + Level 2.5 Armour
 + Level 3.0 Dodging
 + Level 0.9 Stealth


You had 6 spell levels left.
You didn't know any spells.
Your spell library contained the following spells:

 Spells                   Type           Power      Damage    Failure   Level
 Poisonous Vapours        Pois/Air       0%         N/A       99%         2
 Petrify                  Tmut/Erth      0%         N/A       100%        4
 Metabolic Englaciation   Hex/Ice        0%         N/A       100%        5
 Cigotuvi's Dreadful Rot  Necr/Pois/Air  Unusable   N/A       N/A         2
 Statue Form              Tmut/Erth      Unusable   N/A       N/A         6

Dungeon Overview and Level Annotations

Branches:
Dungeon (6/15)
 Temple: D:4-7

Altars:
Dithmenos
Hepliaklqana

Annotations:
D:5 Duvessa


Innate Abilities, Weirdness & Mutations

You are immune to sickness and miasma.
Your stone body is resilient. (AC +4)
You are immune to poison.
You resist negative energy. (rN+)
You are resistant to electric shocks. (rElec)
You are resistant to unholy torment.
You are immune to petrification.


Message History

You hit the wraith.
The wraith is almost destroyed.
The wraith hits you! The wraith drains your vigour!
You feel as though you will be slow longer.
You closely miss the wraith.
The wraith is almost destroyed.
The wraith barely misses you. The wraith hits you but does no damage.
You closely miss the wraith. You punch the wraith, but do no damage.
The wraith is almost destroyed.
The wraith hits you. The wraith closely misses you.
You hit the wraith but do no damage.
The wraith is almost destroyed.
The wraith misses you. The wraith hits you but does no damage.
You hit the wraith but do no damage.
The wraith is almost destroyed.
The wraith hits you. The wraith drains your vigour!
You feel as though you will be slow longer.
The wraith hits you.
You hit the wraith.
The wraith is almost destroyed.
The wraith hits you but does no damage.
You hit the wraith but do no damage.
The wraith is almost destroyed.
The wraith closely misses you. The wraith hits you.
You barely miss the wraith.
The wraith is almost destroyed.
The wraith barely misses you. The wraith hits you but does no damage.
You barely miss the wraith.
The wraith is almost destroyed.
The wraith hits you. The wraith drains your vigour!
You feel as though you will be slow longer.
The wraith hits you.
* * * LOW HITPOINT WARNING * * *
You hit the wraith.
The wraith is almost destroyed.
The wraith misses you. The wraith closely misses you.
You hit the wraith but do no damage.
The wraith is almost destroyed.
The wraith hits you!
You die...

#.......###'####.#
##'#...###......#.#
#.......)'......'.#
#...######......####
#...'...............
#...##########.#####
#...# #.# #...# #.#
#..@# ##'#### #..W#
#.....#
#...#**######.....##
#....,*#..........'.
###..,*#..........##
#...*#..........#
#...*#......#####
#(.(##......#
*****#......#


You could see a wraith.

Vanquished Creatures
  A phantom (D:5)
  A scorpion (D:4)
  A howler monkey (D:5)
  A jelly (D:4)
  2 hounds (D:5)
  A gnoll bouda (D:4)
  2 iguanas
  4 adders
  6 gnolls
  A shadow imp (D:5)
  A worm (D:2)
  5 dart slugs
  5 orcs
  8 endoplasms
  3 giant cockroaches
  4 hobgoblins
  2 jackals (D:4)
  10 kobolds
  3 quokkas
  13 ball pythons
  5 bats
  2 frilled lizards (D:2)
  9 goblins
  5 rats
95 creatures vanquished.

Vanquished Creatures (others)
  3 withered plants (D:1)
3 creatures vanquished.

Grand Total: 98 creatures vanquished

Notes
Turn   | Place    | Note
-------+----------+-------------------------------------------
     0 | D:1      | jlumianski the Gargoyle Gladiator began the quest for the
                  | Orb.
     0 | D:1      | Reached XP level 1. HP: 12/12 MP: 1/1
    64 | D:1      | Reached XP level 2. HP: 12/17 MP: 2/2
   139 | D:1      | Reached skill level 3 in Axes
   310 | D:1      | Found a faded altar of an unknown god.
   555 | D:2      | Reached XP level 3. HP: 22/22 MP: 3/3
  1384 | D:2      | Reached XP level 4. HP: 26/27 MP: 4/4
  1595 | D:5      | Entered Level 5 of the Dungeon
  1595 | D:5      | Noticed a scorpion
  1609 | D:4      | Killed a scorpion
  1610 | D:4      | Reached skill level 4 in Axes
  1610 | D:4      | Reached skill level 1 in Armour
  1610 | D:4      | Reached XP level 5. HP: 25/32 MP: 5/5
  2274 | D:3      | Found a hazy altar of Hepliaklqana.
  2275 | D:3      | Found a shadowy altar of Dithmenos.
  2275 | D:3      | Noticed a shadow
  2669 | D:5      | Reached skill level 5 in Axes
  2669 | D:5      | Reached XP level 6. HP: 35/37 MP: 6/6
  3115 | D:5      | Noticed Duvessa
  3587 | D:5      | Reached XP level 7. HP: 40/41 MP: 7/7
  3647 | D:5      | Reached skill level 6 in Axes
  3661 | D:6      | Noticed a wraith
  3679 | D:5      | HP: 2/41 [wraith (4)]
  4236 | D:5      | Slain by a wraith

Illustrated notes

Levels and vault maps discovered:
D:1:      matt_arrival_los_fun, layout_rooms, ebering_ecumenical_altar_petrified
D:2:      layout_basic
D:3:      layout_loops_ring, riverfiend_overflow_shadow_ancestor
D:4:      layout_basic
D:5:      layout_basic, minmay_checkerbox, uniq_duvessa
D:6:      layout_basic, nicolae_overflow_hallway_of_the_gods

Skill      XL: |  1  2  3  4  5  6  7 |
---------------+----------------------+-----
Axes           | 3 4 5 6 |  6.0
Armour         | 1 2 |  2.5
Dodging        | 3 |  3.0
Throwing       | 2 |  2.1
Fighting       | 3 |  3.5
Stealth        | |  0.9

Action                   |  1- 3 |  4- 6 |  7- 9 || total
-------------------------+-------+-------+-------++-------
Melee: War axe           |   122 |   139 |    45 ||   306
       Punch             |       |     1 |     1 ||     2
Throw: Javelin           |     1 |     7 |     4 ||    12
  Use: Scroll            |       |    13 |     2 ||    15
       Potion            |       |       |     1 ||     1
Armor: Leather armour    |     9 |       |       ||     9
       Ring mail         |    20 |       |       ||    20
       Chain mail        |    26 |    67 |    24 ||   117
Dodge: Dodged            |    87 |   112 |    34 ||   233

Table legend: (Time is in decaauts)
 A = Elapsed time spent in this place.
 B = Non-inter-level travel time spent in this place.
 C = Inter-level travel time spent in this place.
 D = Time resting spent in this place.
 E = Time spent auto-exploring this place.
 F = Levels seen in this place.
 G = Mean time per level.
                   A        B        C        D        E       F      G
               +--------+--------+--------+--------+--------+-----+--------+
         Total |   4366 |   4271 |     95 |    440 |   2110 |   6 |  727.7 |
       Dungeon |   4366 |   4271 |     95 |    440 |   2110 |   6 |  727.7 |
               +--------+--------+--------+--------+--------+-----+--------+

Top non-repeatable levels by time:
     D:4: 1124 daAuts
     D:5: 847 daAuts
     D:1: 845 daAuts
     D:3: 812 daAuts
     D:2: 711 daAuts
     D:6: 24 daAuts
